 Dungeon Crawl Stone Soup version 0.25-a0-292-gaa31f046c4 (webtiles) character file.

Game seed: 14390694887230643212, levelgen mode: classic

12937 Borgoz the Carver (level 12, -2/75 HPs)
             Began as a Gargoyle Gladiator on Dec 15, 2019.
             Was a High Priest of Okawaru.
             Slain by a death yak (14 damage)
             ... on level 10 of the Dungeon.
             The game lasted 00:22:53 (12292 turns).

Borgoz the Carver (Gargoyle Gladiator)             Turns: 12292, Time: 00:22:54

Health: -2/75      AC: 15    Str: 21    XL:     12   Next: 0%
Magic:  0/14       EV: 16    Int:  8    God:    Okawaru [*****.]
Gold:   508        SH:  0    Dex: 14    Spells: 11/11 levels left

rFire    . . .     SeeInvis .   a - +2 great sword (slice)
rCold    . . .     Gourm    .   (shield currently unavailable)
rNeg     + . .     Faith    .   u - +0 troll leather armour
rPois    ∞         Spirit   +   c - +0 helmet
rElec    +         Reflect  .   l - scarf {repulsion}
rCorr    .         Harm     .   (no gloves)
MR       .....                  (no boots)
Stlth    ++++++....             K - amulet of guardian spirit
HPRegen  0.62/turn              C - ring of Shadows {Umbra +Inv Stlth+}
MPRegen  0.14/turn              E - ring of stealth

@: wreathed by umbra, repel missiles
A: negative energy resistance 1, electricity resistance, unbreathing,
petrification resistance, rot immunity, AC +8
a: Heroism, Finesse, Renounce Religion, Evoke Invisibility


You were on level 10 of the Dungeon.
You worshipped Okawaru.
Okawaru was extremely pleased with you.
You were very full.

You visited 2 branches of the dungeon, and saw 12 of its levels.

You collected 508 gold pieces.

Inventory:

Hand Weapons
 a - a +2 great sword of slicing (weapon)
 b - a +1 scimitar of flaming
 I - the +2 war axe of Sharkskin {protect, MR+}
   (Okawaru gifted it to you on level 10 of the Dungeon)

   It grants its wielder temporary protection when it strikes (+7 to AC).
   It affects your resistance to hostile enchantments.
Armour
 c - a +0 helmet (worn)
 l - a scarf of repulsion (worn)
 t - a +2 buckler
 u - a +0 troll leather armour (worn)
 H - a +2 ring mail of cold resistance
Jewellery
 A - an uncursed amulet of the gourmand
 B - an uncursed ring of ice
 C - the ring of Shadows (left hand) {Umbra +Inv Stlth+}
   (You took it off a centaur warrior on level 9 of the Dungeon)

   [ring of stealth]

   It lets you turn invisible.
   It makes you more stealthy.
 E - a ring of stealth (right hand)
 K - an amulet of guardian spirit (around neck)
Wands
 e - a wand of flame (15)
 j - a wand of iceblast (8)
 k - a wand of polymorph (5)
 n - a wand of clouds (3)
 v - a wand of disintegration (15)
 y - a wand of random effects (29)
 G - a wand of acid (4)
Scrolls
 d - a scroll of brand weapon
 h - 3 scrolls of magic mapping
 i - 8 scrolls of teleportation
 m - a scroll of fog
 o - 3 scrolls of remove curse
 s - 3 scrolls of amnesia
 w - a scroll of blinking
 D - a scroll of identify
Potions
 p - 2 potions of brilliance
 q - a potion of curing
 r - 2 potions of mutation
 x - a potion of flight
 z - 3 potions of magic
 F - a potion of berserk rage
 J - a potion of might
Comestibles
 f - 11 rations
 g - 8 chunks of flesh


   Skills:
 + Level 8.8 Fighting
 * Level 10.4 Long Blades
 - Level 1.7 Throwing
 + Level 8.3 Armour
 + Level 7.0 Dodging
 + Level 3.7 Stealth
 - Level 6.7 Shields
 + Level 3.2 Invocations


You had 11 spell levels left.
You didn't know any spells.
Your spell library contained the following spells:

 Spells                   Type           Power        Failure   Level  Hunger
 Beastly Appendage        Tmut           #.....       43%         1    ##.....
 Freeze                   Ice            #...         43%         1    ##.....
 Sticks to Snakes         Tmut           #.......     58%         2    ###....
 Ozocubu's Armour         Chrm/Ice       #.......     82%         3    ####...
 Spider Form              Tmut/Pois      #.........   82%         3    ####...
 Hailstorm                Conj/Ice       #.......     99%         4    #####..
 Ice Form                 Ice/Tmut       #.......     99%         4    #####..
 Summon Ice Beast         Ice/Summ       #.......     99%         4    #####..
 Blade Hands              Tmut           #.........   100%        5    ######.


Dungeon Overview and Level Annotations

Branches:
Dungeon (11/15)            Temple (1/1) D:5             Orc (0/2) D:9
   Lair: D:8-11

Altars:
Ashenzari
Cheibriados
Dithmenos
Elyvilon
Fedhas
Gozag
Hepliaklqana
Kikubaaqudgha
Makhleb
Nemelex Xobeh
Okawaru
Qazlal
Ru
Sif Muna
Trog
Uskayaw
Vehumet
Wu Jian
Xom
Yredelemnul
Zin
The Shining One

Shops:
D:5 (


Innate Abilities, Weirdness & Mutations

You are resistant to torment.
Your stone body is resilient. (AC +8)
You are immune to poison.
You resist negative energy. (rN+)
You are resistant to electric shocks. (rElec)
You can survive without breathing.
You are immune to petrification.
You are immune to rotting.


Message History

Reactivating autopickup.
There is a stone staircase leading down, spattered with blood here.
Unknown command.
Something hits you but does no damage.
Deactivating autopickup; reactivate with Ctrl-A.
Something hits you but does no damage. The kobold closely misses you.
The death yak gores you but does no damage.
Something hits you but does no damage. Something hits you. Something hits you!
Some of the chunks of flesh in your inventory have rotted away.
Something hits you. Something hits you. Something hits you!
You barely miss something. Something hits you but does no damage.
The death yak gores you!!
* * * LOW HITPOINT WARNING * * *
You feel better. Something hits you but does no damage.
The yak barely misses you. The death yak gores you!
You die...

#################################
.................................
......................###########
####################..# #..# #..#
#..# ####################..#
.......÷......KY@.....###########
.......)>.....KY.................
..............K..................
#..#############.^...............
#..# #.................
#..#############.................
#................................
.............................†...
######..##################[######


You could see a death yak, a yak and 3 kobolds.

Vanquished Creatures
  A centaur warrior (D:9)
  3 two-headed ogres
  Erica (D:8)
  Nergalle (D:10)
  2 unseen horrors (D:10)
  Maurice (D:8)
  A komodo dragon (D:9)
  The ghost of Borgoz the Cutter, a novice KoFi of Ashenzari (D:6)
  Prince Ribbit (D:6)
  3 trolls
  A hippogriff (D:9)
  Grinder (D:5)
  Sigmund (D:2)
  A yak (D:10)
  A wyvern (D:9)
  Duvessa (D:6)
  2 orc warriors
  5 ice beasts
  3 sky beasts
  A necrophage (D:9)
  4 phantoms
  5 centaurs
  2 ogres
  2 crocodiles (D:9)
  5 big kobolds
  2 gnoll sergeants
  6 bullfrogs
  Dowan (D:6)
  A wyvern skeleton (D:10)
  A water moccasin zombie (D:9)
  4 scorpions
  6 killer bees (D:10)
  2 howler monkeys
  2 crimson imps
  A bullfrog zombie (D:10)
  5 jellies
  12 orc priests
  9 hounds
  10 orc wizards
  Crazy Yiuf (D:3)
  2 bullfrog skeletons (D:6)
  Ijyb (D:4)
  Natasha (twice) (D:2)
  A centaur skeleton (D:9)
  3 iguanas
  7 worker ants
  A hound zombie (D:6)
  A hound skeleton (D:3)
  A worker ant zombie (D:3)
  8 gnolls
  10 adders
  A howler monkey skeleton (D:3)
  A river rat (D:6)
  2 shadow imps (D:7)
  3 adder skeletons
  3 worms
  A dart slug (D:3)
  8 leopard geckos
  40 orcs
  6 giant cockroaches
  10 goblins
  8 hobgoblins
  17 jackals
  20 kobolds
  4 quokkas
  3 ball pythons
  A ball python zombie (D:3)
  3 bats
  6 frilled lizards
  A jackal skeleton (D:5)
  A leopard gecko skeleton (D:6)
  A quokka zombie (D:7)
  9 rats
299 creatures vanquished.

Vanquished Creatures (others)
  A boggart (D:9)
  A kobold (D:9)
2 creatures vanquished.

Grand Total: 301 creatures vanquished

Notes
Turn   | Place    | Note
-------+----------+-------------------------------------------
     0 | D:1      | Borgoz the Gargoyle Gladiator began the quest for the Orb.
     0 | D:1      | Reached XP level 1. HP: 12/12 MP: 1/1
   144 | D:1      | Reached XP level 2. HP: 13/18 MP: 2/2
   202 | D:1      | Reached skill level 3 in Long Blades
   299 | D:1      | Reached skill level 1 in Armour
   502 | D:1      | Reached XP level 3. HP: 9/22 MP: 3/3
  1304 | D:2      | Noticed Sigmund
  1320 | D:2      | Killed Sigmund
  1320 | D:2      | Reached skill level 4 in Long Blades
  1320 | D:2      | Reached XP level 4. HP: 12/28 MP: 4/4
  1320 | D:2      | Reached XP level 5. HP: 14/32 MP: 5/5
  1672 | D:2      | Noticed Natasha
  1688 | D:2      | Killed Natasha
  1688 | D:2      | Reached XP level 6. HP: 27/37 MP: 6/6
  2064 | D:2      | Noticed Natasha
  2073 | D:2      | Killed Natasha
  2881 | D:3      | Found a basalt altar of Yredelemnul.
  2952 | D:3      | Found a runed translucent door.
  2953 | D:3      | Noticed Crazy Yiuf
  3093 | D:3      | Killed Crazy Yiuf
  3093 | D:3      | Reached XP level 7. HP: 24/43 MP: 7/7
  3495 | D:4      | Reached skill level 5 in Long Blades
  3746 | D:4      | Reached skill level 1 in Shields
  3906 | D:4      | Noticed Ijyb
  3908 | D:4      | Paralysed by Ijyb for 3 turns
  3932 | D:4      | Paralysed by Ijyb for 5 turns
  3937 | D:4      | Killed Ijyb
  4131 | D:5      | Entered Level 5 of the Dungeon
  4215 | D:5      | Noticed Grinder
  4240 | D:5      | Killed Grinder
  4240 | D:5      | Reached XP level 8. HP: 24/48 MP: 8/8
  4910 | D:5      | Reached skill level 6 in Long Blades
  4950 | D:5      | Found a glowing silver altar of Zin.
  4956 | D:5      | Found a blossoming altar of Fedhas.
  4961 | D:5      | Reached skill level 5 in Fighting
  4993 | D:5      | Found an ornate altar of the Wu Jian Council.
  4994 | D:5      | Found a sparkling altar of Nemelex Xobeh.
  4994 | D:5      | Found a radiant altar of Vehumet.
  4995 | D:5      | Found a staircase to the Ecumenical Temple.
  4995 | D:5      | Found an opulent altar of Gozag.
  5209 | Temple   | Entered the Ecumenical Temple
  5275 | Temple   | Became a worshipper of Warmaster Okawaru
  5428 | D:5      | Found Daylox's Weapon Shop.
  5465 | D:6      | Found a runed translucent door.
  5465 | D:6      | Noticed Borgoz's ghost (novice KoFi)
  5477 | D:6      | Noticed Prince Ribbit
  5518 | D:6      | HP: 3/73 [Prince Ribbit (2)]
  6066 | D:6      | Reached XP level 9. HP: 47/54 MP: 9/9
  6075 | D:6      | Reached skill level 5 in Armour
  6211 | D:6      | Noticed Duvessa
  6211 | D:6      | Noticed Dowan
  6242 | D:6      | Killed Duvessa
  6251 | D:6      | Killed Dowan
  6251 | D:6      | Reached skill level 7 in Long Blades
  6722 | D:6      | Killed Prince Ribbit
  6839 | D:6      | Found a runed translucent door.
  7215 | D:7      | Reached skill level 5 in Dodging
  7648 | D:8      | Noticed a two-headed ogre
  7673 | D:7      | Killed a two-headed ogre
  7673 | D:7      | Reached * piety under Okawaru
  7871 | D:8      | Reached skill level 8 in Long Blades
  7871 | D:8      | Reached skill level 5 in Shields
  7879 | D:8      | Reached XP level 10. HP: 61/61 MP: 10/10
  7904 | D:8      | Reached ** piety under Okawaru
  9293 | D:8      | Reached *** piety under Okawaru
  9502 | D:8      | Noticed Maurice
  9516 | D:8      | Killed Maurice
  9858 | D:9      | Noticed Erica
  9897 | D:8      | Killed Erica
  9897 | D:8      | Reached **** piety under Okawaru
  9897 | D:8      | Reached skill level 9 in Long Blades
  9983 | D:9      | Found a hide-covered altar of Uskayaw.
 10000 | D:9      | Noticed a +0 dagger
 10132 | D:9      | Noticed a centaur warrior
 10172 | D:9      | Reached XP level 11. HP: 44/68 MP: 11/11
 10187 | D:9      | Reached ***** piety under Okawaru
 10201 | D:9      | Killed a centaur warrior
 10201 | D:9      | Received a gift from Okawaru
 10322 | D:9      | Noticed a +0 dagger
 10328 | D:9      | Found a staircase to the Orcish Mines.
 10425 | D:9      | Found a white marble altar of Elyvilon.
 10433 | D:9      | Found a glowing golden altar of the Shining One.
 10438 | D:9      | Found a shadowy altar of Dithmenos.
 10438 | D:9      | Found a snail-covered altar of Cheibriados.
 10472 | D:9      | Reached skill level 1 in Stealth
 10702 | D:9      | Noticed a two-headed ogre
 10711 | D:9      | Killed a two-headed ogre
 10711 | D:9      | Reached skill level 1 in Invocations
 10922 | D:10     | Entered Level 10 of the Dungeon
 10992 | D:10     | Noticed a two-headed ogre
 10993 | D:10     | Found a sacrificial altar of Ru.
 11003 | D:10     | Killed a two-headed ogre
 11003 | D:10     | Received a gift from Okawaru
 11132 | D:10     | Noticed Nergalle
 11146 | D:10     | Killed Nergalle
 11146 | D:10     | Reached skill level 10 in Long Blades
 11307 | D:10     | Killed an unseen horror
 11606 | D:10     | Killed an unseen horror
 11606 | D:10     | Received a gift from Okawaru
 11607 | D:10     | Got a polished war axe {god gift}
 11608 | D:10     | Identified the +2 war axe of Sharkskin {protect, MR+}
                  | (Okawaru gifted it to you on level 10 of the Dungeon)
 12097 | D:6      | Killed Borgoz's ghost
 12261 | D:11     | Noticed a death yak
 12268 | D:10     | Reached XP level 12. HP: 73/75 MP: 12/14
 12280 | D:11     | Noticed a death yak
 12280 | D:11     | Noticed a death yak
 12291 | D:10     | HP: 3/75 [death yak (20)]
 12292 | D:10     | Slain by a death yak

Levels and vault maps discovered:
D:1:      wander_arrival_peaceful_grave, layout_loops_ring, minmay_vboxes
D:2:      layout_basic, minmay_box_of_dots, uniq_sigmund, uniq_natasha
D:3:      layout_rooms, nicolae_overflow_hidden_temple, serial_undead,
          serial_undead_b, serial_undead_f, serial_undead_a, serial_undead_b,
          serial_undead_f, uniq_crazy_yiuf_cottage
D:4:      layout_basic, first_ration, uniq_ijyb
D:5:      layout_basic, grunt_temple_overflow_open,
          minmay_temple_entry_butterflies, serial_bayou, serial_bayou_lagoon_a,
          serial_bayou_crossing, serial_bayou_ford_a, serial_bayou_pond_d,
          serial_shops, shop, uniq_grinder
D:6:      layout_loops_ring, ebering_ghost_sewer_f, uniq_duvessa,
          uniq_prince_ribbit1
D:7:      layout_basic
D:8:      layout_basic, uniq_maurice
D:9:      minmay_the_grid_octo_2x2 [minmay_the_grid_octo_tetromino_candy,
          minmay_the_grid_octo_shrine, minmay_the_grid_octo_vomiting_pacman,
          minmay_the_grid_octo_prize_star], layout_basic,
          dancing_weapons_uskayaw, orc_0_dummy, uniq_erica
D:10:     layout_long_grid, nicolae_ru_sacrificial_ziggurat, uniq_nergalle
D:11:     layout_big_octagon, dpeg_lair_monsters, the_bakery
Temple:   eino_temple_water

Skill      XL: |  1  2  3  4  5  6  7  8  9 10 11 |
---------------+----------------------------------+-----
Long Blades    | 3 4 5 6 8 9 10 | 10.4
Armour         | 1 2 3 4 6 7 8 |  8.3
Fighting       | 3 4 5 6 7 8 |  8.8
Dodging        | 3 4 5 6 7 |  7.0
Shields        | 1 3 5 6 |  6.7
Stealth        | 3 |  3.7
Invocations    | 3 |  3.2
Throwing       | |  1.7

Action                   |  1- 3 |  4- 6 |  7- 9 | 10-12 || total
-------------------------+-------+-------+-------+-------++-------
Melee: Long sword        |   128 |   146 |   471 |   292 ||  1037
       Scimitar          |       |       |       |   201 ||   201
       Unarmed           |       |       |       |     6 ||     6
       Great sword       |       |       |       |   107 ||   107
Throw: Throwing net      |       |     1 |     3 |       ||     4
Invok: Heroism           |       |       |       |     1 ||     1
Evoke: Wand              |       |       |     4 |       ||     4
  Use: Potion            |     2 |       |    12 |     8 ||    22
       Scroll            |       |     3 |     7 |     4 ||    14
 Stab: Held in net/web   |       |       |     2 |       ||     2
       Confused          |       |       |     1 |       ||     1
       Sleeping          |       |       |       |    14 ||    14
  Eat: Chunk             |     2 |     5 |    24 |    15 ||    46
       Ration            |       |     1 |       |       ||     1
Armor: Leather armour    |    55 |    37 |       |       ||    92
       Skin              |     3 |       |    65 |     1 ||    69
       Ring mail         |       |    26 |   149 |   128 ||   303
       Troll leather arm |       |       |       |   151 ||   151
Dodge: Dodged            |   107 |   136 |   206 |   500 ||   949
       Deflected         |       |       |     4 |     6 ||    10
Block: Buckler           |       |     1 |   159 |   189 ||   349
       Rpst.: Long sword |    28 |    45 |    71 |    43 ||   187
       Scimitar          |       |       |       |    30 ||    30
       Great sword       |       |       |       |    60 ||    60

Table legend:
 A = Non-vault XP
 B = Vault XP
 C = Vault XP percentage of total XP
 D = Non-vault monster count
 E = Vault monster count
 F = Vault count percentage of total count
                 A         B        C        D         E       F
            +---------+---------+-------+---------+---------+-------
      Total |   11923 |    6559 |  35.5 |     250 |      50 |  16.7
            +---------+---------+-------+---------+---------+-------
        D:1 |      31 |      13 |  29.5 |      17 |       9 |  34.6
        D:2 |      83 |     251 |  75.1 |      23 |       4 |  14.8
        D:3 |     185 |      92 |  33.2 |      20 |       6 |  23.1
        D:4 |     218 |      36 |  14.2 |      11 |       1 |   8.3
        D:5 |     708 |     249 |  26.0 |      16 |       1 |   5.9
        D:6 |     810 |    1086 |  57.3 |      31 |      10 |  24.4
        D:7 |    1876 |       0 |   0.0 |      32 |       0 |   0.0
        D:8 |    1667 |    1349 |  44.7 |      46 |       2 |   4.2
        D:9 |    2350 |    2492 |  51.5 |      25 |      15 |  37.5
       D:10 |    3958 |     991 |  20.0 |      28 |       2 |   6.7
       D:11 |      37 |       0 |   0.0 |       1 |       0 |   0.0
            +---------+---------+-------+---------+---------+-------
